AoeStats
← DeSong

MegaRandom

510522351Analyzed
3v3 RM · 2d ago on Oct 1, 2026· 66m 20s· 6 players
Game mode
Random Map
Map size
Normal (6 player)
Population
200
Speed
Normal
Resources
Standard
Victory
Conquest
Starting age
Dark Age
Ending age
Imperial Age
RankedLock teamsTeams togetherTeam positionsShared explorationLock speedFull tech treeHidden civsTurbo modeCheats
Victory
Defeat
🇹🇼 Aztecs · Taiwan
952
+19
🇹🇷 Franks · Türkiye
900
+21
🇹🇼 Bulgarians · Taiwan
885
+21
🇧🇾 Mongols · Belarus
1048
-22
🇰🇿 Japanese · Kazakhstan
993
-20
🇪🇸 Teutons · Spain
987
-19
南瓜小公主
0:40 Loom
11:51 Feudal Age
13:16 Wheelbarrow
12:54 Double-Bit Axe
14:10 Fishing Lines
15:33 Gold Mining
19:07 Castle Age
17:15 Town Watch
17:22 Stone Mining
19:17 Forging
20:55 Gold Shaft Mining
21:23 Hand Cart
24:08 Stone Shaft Mining
26:48 Horse Collar
27:53 Iron Casting
27:18 Scale Mail Armor
28:02 Fletching
28:19 Treadmill Crane
28:35 Murder Holes
29:58 Chain Mail Armor
29:49 Heavy Plow
30:31 Squires
29:52 Eagle Warrior
34:58 Imperial Age
33:37 Bow Saw
34:13 Ballistics
34:43 Caravan
35:14 Coinage
35:19 Bodkin Arrow
36:19 Conscription
36:18 Elite Eagle Warrior
36:50 Arrowslits
39:18 Crop Rotation
38:33 Pikeman
40:32 Blast Furnace
42:52 Plate Mail Armor
42:22 Bracer
52:50 Chemistry
52:01 Fortified Wall
53:03 Padded Archer Armor
53:12 Siege Engineers
59:12 Town Patrol
62:37 Garland Wars
66:26 Arson
Hidalgo
9:31 Feudal Age
15:54 Castle Age
13:57 Double-Bit Axe
14:53 Stone Mining
18:08 Bow Saw
22:11 Man-at-Arms
24:36 Gold Mining
26:35 Fletching
29:57 Imperial Age
30:14 Cavalier
30:54 Husbandry
34:50 Chemistry
34:10 Bodkin Arrow
54:44 Light Cavalry
57:22 Elite Skirmisher
58:06 Padded Archer Armor
60:26 Leather Archer Armor
巧克力布丁
7:03 Loom
12:19 Feudal Age
19:14 Castle Age
17:31 Double-Bit Axe
21:28 Bow Saw
21:01 Horse Collar
21:14 Stone Mining
23:38 Husbandry
23:49 Bloodlines
23:01 Light Cavalry
26:57 Heavy Plow
27:38 Wheelbarrow
27:43 Forging
34:04 Squires
33:49 Gambesons
34:42 Hand Cart
36:06 Scale Barding Armor
36:37 Iron Casting
36:24 Gold Mining
36:39 Stirrups
41:54 Gold Shaft Mining
41:55 Stone Shaft Mining
41:24 Elite Skirmisher
42:12 Thumb Ring
45:10 Padded Archer Armor
45:00 Fletching
50:35 Imperial Age
52:11 Hussar
53:56 Conscription
58:31 Chain Barding Armor
58:12 Bodkin Arrow
DeSong
9:41 Feudal Age
13:39 Castle Age
12:13 Horse Collar
12:37 Double-Bit Axe
14:57 Bow Saw
20:17 Loom
21:07 Stone Mining
28:46 Scale Mail Armor
28:56 Forging
28:55 Heavy Plow
29:57 Arson
30:13 Squires
29:58 Gambesons
30:30 Chain Mail Armor
33:08 Imperial Age
31:16 Wheelbarrow
30:26 Town Watch
30:12 Pikeman
31:03 Gold Mining
32:53 Iron Casting
33:11 Halberdier
34:18 Elite Samurai
35:33 Conscription
34:49 Capped Ram
40:22 Two-Man Saw
40:36 Plate Mail Armor
41:07 Blast Furnace
39:42 Onager
44:06 Heavy Scorpion
46:31 Chemistry
46:32 Treadmill Crane
47:02 Thumb Ring
46:49 Fletching
47:00 Padded Archer Armor
MIERES
10:41 Feudal Age
15:41 Castle Age
13:43 Double-Bit Axe
14:20 Loom
17:05 Bow Saw
16:40 Horse Collar
18:01 Heavy Plow
18:17 Scale Mail Armor
18:17 Pikeman
23:10 Gambesons
22:45 Man-at-Arms
24:19 Squires
24:37 Long Swordsman
29:28 Imperial Age
27:45 Wheelbarrow
29:21 Chain Mail Armor
29:17 Forging
28:45 Long Swordsman
29:27 Fletching
PDP.dog
9:57 Feudal Age
10:33 Loom
10:40 Double-Bit Axe
15:44 Castle Age
14:53 Fishing Lines
25:11 Medium Warships
25:57 Stone Mining
31:48 Fletching
36:00 Imperial Age
34:05 Wheelbarrow
33:16 Town Watch
35:41 Murder Holes
36:44 Ballistics
37:48 Bodkin Arrow
38:11 Masonry
40:22 Hand Cart
43:17 Thumb Ring
43:38 Parthian Tactics
42:55 Horse Collar
43:23 Bracer
43:24 Padded Archer Armor
44:20 Bloodlines
43:32 Light Cavalry
44:39 Nomads
47:52 Hoardings
47:32 Hussar
49:19 Stone Shaft Mining
48:34 Gold Mining
50:14 Elite Skirmisher
50:29 Elite Mangudai
51:37 Town Patrol
66:30 Stone Shaft Mining
Connection lost

Rejoining the realm…

Still unreachable

The connection could not be restored.

Session expired

The server has moved on; the page needs a fresh start.